PCL
SPOKANE TRAPPERS @ REDWOOD CITY REDWOODS
09/20/2026
 
TOP OF THE 1ST
Spokane Trappers batting - Pitching for Redwood City Redwoods : LHP Phil Davis
Pitching: LHP Phil Davis
Batting: RHB Tomás Carranza 0-0: Swinging Strike
0-1: Ball
1-1: Ball
2-1: Called Strike
2-2: Strikes out swinging
Batting: RHB Keith Kirkpatrick 0-0: Called Strike
0-1: Foul Ball, location: 2F
0-2: Ground out 5-3 (Groundball, 5L)
Batting: RHB José Gómez 0-0: Ball
1-0: Called Strike
1-1: SINGLE (Groundball, 5L)
Batting: RHB Ramiro Ross 0-0: Called Strike
0-1: SINGLE (Groundball, 4)
José Gómez to second
Batting: LHB Héctor Rentería 0-0: Foul Ball, location: 2F
0-1: Ball
1-1: Swinging Strike
1-2: Ball
2-2: Ball
3-2: Strikes out swinging
Top of the 1st over - 0 run(s), 2 hit(s), 0 error(s), 2 left on base; Spokane 0 - Redwood City 0
BOTTOM OF THE 1ST
Redwood City Redwoods batting - Pitching for Spokane Trappers : RHP Kiyomitsu Fujii
Pitching: RHP Kiyomitsu Fujii
Batting: RHB Bob Campbell 0-0: Called Strike
0-1: Foul Ball, location: 2F
0-2: Ball
1-2: Ground out 4-3 (Groundball, 4)
Batting: RHB Philip Burke 0-0: Ground out 4-3 (Groundball, 4M)
Batting: LHB Germán Charfauros 0-0: Ball
1-0: Ball
2-0: SINGLE (Line Drive, 3D)
Batting: LHB Ryan Hensley 0-0: Called Strike
0-1: Swinging Strike
0-2: Strikes out swinging
Bottom of the 1st over - 0 run(s), 1 hit(s), 0 error(s), 1 left on base; Spokane 0 - Redwood City 0
TOP OF THE 2ND
Spokane Trappers batting - Pitching for Redwood City Redwoods : LHP Phil Davis
Batting: RHB Clyde Kelley 0-0: Called Strike
0-1: Foul Ball, location: 2F
0-2: Foul Ball, location: 2F
0-2: Ball
1-2: Foul Ball, location: 2F
1-2: Strikes out looking
Batting: SHB Nick Cox 0-0: Ball
1-0: Swinging Strike
1-1: Ball
2-1: Foul Ball, location: 2F
2-2: Ball
3-2: Foul Ball, location: 2F
3-2: Strikes out looking
Batting: RHB Pedro Rodríguez 0-0: Called Strike
0-1: Fly out, F8 (Flyball, 8RXD)
Top of the 2nd over - 0 run(s), 0 hit(s), 0 error(s), 0 left on base; Spokane 0 - Redwood City 0
BOTTOM OF THE 2ND
Redwood City Redwoods batting - Pitching for Spokane Trappers : RHP Kiyomitsu Fujii
Batting: RHB Xavier Feliciano 0-0: Ball
1-0: Foul Ball, location: 2F
1-1: Ball
2-1: DOUBLE (Flyball, 8LXD)
Batting: RHB William Parker 0-0: Called Strike
0-1: Ball
1-1: Ball
2-1: Ball
3-1: Foul Ball, location: 2F
3-2: Strikes out swinging
Batting: LHB Paul Alexander 0-0: Ball
1-0: Fly out, F8 (Flyball, 8LS)
Batting: RHB Júlio Trinidad 0-0: Reached on error, E6 (Groundball, 6)
Xavier Feliciano to third
Batting: RHB Jesús Cuevas 0-0: SINGLE (Flyball, 8RS)
Xavier Feliciano scores
Júlio Trinidad to second
Batting: RHB Bob Campbell 0-0: Foul Ball, location: 2F
0-1: Fielders Choice at 2nd, 6-4 (Groundball, 6)
Bottom of the 2nd over - 1 run(s), 2 hit(s), 1 error(s), 1 left on base; Spokane 0 - Redwood City 1
TOP OF THE 3RD
Spokane Trappers batting - Pitching for Redwood City Redwoods : LHP Phil Davis
Batting: LHB Juan Viera 0-0: Ball
1-0: Foul Ball, location: 2F
1-1: Called Strike
1-2: Strikes out looking
Batting: RHB Tomás Carranza 0-0: Called Strike
0-1: Ground out 1-3 (Groundball, 15S)
Batting: RHB Keith Kirkpatrick 0-0: Ball
1-0: Ball
2-0: Ball
3-0: Base on Balls
Batting: RHB José Gómez 0-0: SINGLE (Flyball, 89S)
Keith Kirkpatrick to second
Batting: RHB Ramiro Ross 0-0: Foul Ball, location: 2F
0-1: Ball
1-1: Ball
2-1: Called Strike
2-2: Ball
3-2: SINGLE (Groundball, 56)
Keith Kirkpatrick to third
José Gómez to second
Keith Kirkpatrick scores
José Gómez to third
Batting: LHB Héctor Rentería 0-0: Swinging Strike
0-1: Ball
1-1: Swinging Strike
1-2: Fielders Choice at 2nd, 6-4 (Groundball, 6)
Top of the 3rd over - 1 run(s), 2 hit(s), 0 error(s), 1 left on base; Spokane 1 - Redwood City 1
BOTTOM OF THE 3RD
Redwood City Redwoods batting - Pitching for Spokane Trappers : RHP Kiyomitsu Fujii
Batting: RHB Philip Burke 0-0: Ball
1-0: Fly out, F9 (Flyball, 89S)
Batting: LHB Germán Charfauros 0-0: Ball
1-0: Called Strike
1-1: Foul Ball, location: 2F
1-2: Fly out, F9 (Flyball, 89M)
Batting: LHB Ryan Hensley 0-0: Called Strike
0-1: Ground out U3 (Groundball, 3L)
Bottom of the 3rd over - 0 run(s), 0 hit(s), 0 error(s), 0 left on base; Spokane 1 - Redwood City 1
TOP OF THE 4TH
Spokane Trappers batting - Pitching for Redwood City Redwoods : LHP Phil Davis
Batting: RHB Clyde Kelley 0-0: Called Strike
0-1: Foul Ball, location: 2F
0-2: Ball
1-2: Strikes out swinging
Batting: SHB Nick Cox 0-0: Foul Ball, location: 2F
0-1: Ball
1-1: Foul Ball, location: 2F
1-2: Foul Ball, location: 2F
1-2: SINGLE (Line Drive, 56)
Batting: RHB Pedro Rodríguez 0-0: Called Strike
0-1: Ball
1-1: Ball
2-1: 2-RUN HOME RUN (Flyball, 89D), Distance : 387 ft
Batting: LHB Juan Viera 0-0: Called Strike
0-1: Ball
1-1: Foul Ball, location: 2F
1-2: SINGLE (Line Drive, 89S)
Batting: RHB Tomás Carranza 0-0: Ball
1-0: Called Strike
1-1: Foul Ball, location: 2F
1-2: Ball
2-2: Fly out, F9 (Flyball, 89M)
Batting: RHB Keith Kirkpatrick 0-0: Called Strike
0-1: Swinging Strike
0-2: Ball
1-2: Strikes out looking
Top of the 4th over - 2 run(s), 3 hit(s), 0 error(s), 1 left on base; Spokane 3 - Redwood City 1
BOTTOM OF THE 4TH
Redwood City Redwoods batting - Pitching for Spokane Trappers : RHP Kiyomitsu Fujii
Batting: RHB Xavier Feliciano 0-0: Ball
1-0: Swinging Strike
1-1: Called Strike
1-2: Strikes out swinging
Batting: RHB William Parker 0-0: Ground out 5-3 (Groundball, 5S)
Batting: LHB Paul Alexander 0-0: Foul Ball, location: 2F
0-1: Ball
1-1: Foul Ball, location: 2F
1-2: Ball
2-2: Ball
3-2: Base on Balls
Batting: RHB Júlio Trinidad 0-0: Swinging Strike
0-1: Ground out 1-3 (Groundball, 15)
Bottom of the 4th over - 0 run(s), 0 hit(s), 0 error(s), 1 left on base; Spokane 3 - Redwood City 1
TOP OF THE 5TH
Spokane Trappers batting - Pitching for Redwood City Redwoods : LHP Phil Davis
Batting: RHB José Gómez 0-0: SINGLE (Line Drive, 6M)
Pitching: RHP Manuel Mora
Batting: RHB Ramiro Ross 0-0: Grounds into double play, 4-6-3 (Groundball, 34)
Batting: LHB Héctor Rentería 0-0: Called Strike
0-1: Fly out, F7 (Flyball, 78S)
Top of the 5th over - 0 run(s), 1 hit(s), 0 error(s), 0 left on base; Spokane 3 - Redwood City 1
BOTTOM OF THE 5TH
Redwood City Redwoods batting - Pitching for Spokane Trappers : RHP Kiyomitsu Fujii
Batting: RHB Jesús Cuevas 0-0: SINGLE (Line Drive, 4D)
Batting: RHB Bob Campbell 0-0: Ball
1-0: Ball
2-0: Called Strike
2-1: Ball
3-1: Called Strike
3-2: Foul Ball, location: 2F
3-2: Ground out 5-3 (Groundball, 15S)
Jesús Cuevas to second
Batting: RHB Philip Burke 0-0: Called Strike
0-1: Foul Ball, location: 2F
0-2: Foul Ball, location: 2F
0-2: Ball
1-2: Ball
2-2: Strikes out swinging
Batting: LHB Germán Charfauros 0-0: Ball
1-0: Called Strike
1-1: Ball
2-1: Ball
3-1: Base on Balls
Batting: LHB Ryan Hensley 0-0: Called Strike
0-1: Fly out, F3 (Line Drive, 3S)
Bottom of the 5th over - 0 run(s), 1 hit(s), 0 error(s), 2 left on base; Spokane 3 - Redwood City 1
TOP OF THE 6TH
Spokane Trappers batting - Pitching for Redwood City Redwoods : RHP Manuel Mora
Batting: RHB Clyde Kelley 0-0: Called Strike
0-1: Fly out, F7 (Flyball, 7M)
Batting: SHB Nick Cox 0-0: Swinging Strike
0-1: Ball
1-1: Called Strike
1-2: Strikes out swinging
Batting: RHB Pedro Rodríguez 0-0: Called Strike
0-1: SINGLE (Line Drive, 4D)
Batting: LHB Juan Viera 0-0: Called Strike
0-1: Ball
1-1: Called Strike
1-2: Strikes out swinging
Top of the 6th over - 0 run(s), 1 hit(s), 0 error(s), 1 left on base; Spokane 3 - Redwood City 1
BOTTOM OF THE 6TH
Redwood City Redwoods batting - Pitching for Spokane Trappers : RHP Kiyomitsu Fujii
Batting: RHB Xavier Feliciano 0-0: Foul Ball, location: 2F
0-1: Swinging Strike
0-2: Strikes out looking
Batting: RHB William Parker 0-0: Fly out, F3 (Popup, 3F)
Batting: LHB Paul Alexander 0-0: Ball
1-0: SINGLE (Groundball, 5D)
Batting: RHB Júlio Trinidad 0-0: Ball
1-0: Called Strike
1-1: Ball
2-1: Ball
3-1: Foul Ball, location: 2F
3-2: SINGLE (Flyball, 9LS)
Paul Alexander to second
Paul Alexander to third
Batting: RHB Jesús Cuevas 0-0: Ball
1-0: Ball
2-0: Called Strike
2-1: Ground out 5-3 (Groundball, 5L)
Bottom of the 6th over - 0 run(s), 2 hit(s), 0 error(s), 2 left on base; Spokane 3 - Redwood City 1
TOP OF THE 7TH
Spokane Trappers batting - Pitching for Redwood City Redwoods : RHP Manuel Mora
Pitching: RHP Steve Standard
Batting: RHB Tomás Carranza 0-0: Called Strike
0-1: Fly out, F7 (Flyball, 7LS)
Batting: RHB Keith Kirkpatrick 0-0: Ball
1-0: Foul Ball, location: 2F
1-1: Ball
2-1: Foul Ball, location: 2F
2-2: Ball
3-2: Ground out 3-1 (Groundball, 34)
Batting: RHB José Gómez 0-0: Ball
1-0: Swinging Strike
1-1: Ball
2-1: SINGLE (Line Drive, 9S)
Batting: RHB Ramiro Ross 0-0: Called Strike
0-1: Fly out, F5 (Popup, 15)
Top of the 7th over - 0 run(s), 1 hit(s), 0 error(s), 1 left on base; Spokane 3 - Redwood City 1
BOTTOM OF THE 7TH
Redwood City Redwoods batting - Pitching for Spokane Trappers : RHP Kiyomitsu Fujii
Pitching: RHP Ching-wei Zi
Batting: RHB Bob Campbell 0-0: Ball
1-0: Ball
2-0: Called Strike
2-1: Ball
3-1: Base on Balls
Batting: RHB Philip Burke 0-0: Ball
1-0: Ball
2-0: Ball
3-0: DOUBLE (Groundball, 5L)
Bob Campbell to third
Batting: LHB Germán Charfauros 0-0: Ball
1-0: Called Strike
1-1: Ball
2-1: Ball
3-1: Base on Balls
Batting: LHB Ryan Hensley 0-0: Swinging Strike
0-1: SINGLE (Flyball, 7S)
Bob Campbell scores
Philip Burke to third
Germán Charfauros to second
Runner from 3rd tries for Home, SAFE, no throw or cutoff
Batting: RHB Xavier Feliciano 0-0: Grounds into double play, 1-6-3 (Groundball, 13S)
Germán Charfauros to third
Pinch Hitting: LHB Jeff Tucker 0-0: Called Strike
0-1: Ball
1-1: Ball
2-1: Ball
3-1: DOUBLE (Line Drive, 7LM)
Germán Charfauros scores
Batting: LHB Paul Alexander 0-0: Ball
1-0: Foul Ball, location: 2F
1-1: Called Strike
1-2: Ball
2-2: Foul Ball, location: 2F
2-2: SINGLE (Line Drive, 4M)
Jeff Tucker to third
Runner from 3rd tries for Home, SAFE, throw made home
Pitching: RHP José Navarro
Batting: RHB Júlio Trinidad 0-0: Ball
1-0: Ball
2-0: Called Strike
2-1: Ground out 1-3 (Groundball, 15)
Bottom of the 7th over - 4 run(s), 4 hit(s), 0 error(s), 1 left on base; Spokane 3 - Redwood City 5
TOP OF THE 8TH
Spokane Trappers batting - Pitching for Redwood City Redwoods : RHP Steve Standard
Now in LF: Jeff Tucker
Batting: LHB Héctor Rentería 0-0: Ball
1-0: Ball
2-0: Called Strike
2-1: Swinging Strike
2-2: SOLO HOME RUN (Flyball, 9LD), Distance : 433 ft
Pitching: RHP Tom Goff
Batting: RHB Clyde Kelley 0-0: Ball
1-0: Fly out, F9 (Line Drive, 9M)
Pitching: LHP George Owens
Batting: SHB Nick Cox 0-0: Called Strike
0-1: Foul Ball, location: 2F
0-2: Foul Ball, location: 2F
0-2: Strikes out swinging
Pitching: RHP Jim Williams
Batting: RHB Pedro Rodríguez 0-0: Foul Ball, location: 2F
0-1: Ball
1-1: Ball
2-1: Called Strike
2-2: Foul Ball, location: 2F
2-2: Strikes out swinging
Top of the 8th over - 1 run(s), 1 hit(s), 0 error(s), 0 left on base; Spokane 4 - Redwood City 5
BOTTOM OF THE 8TH
Redwood City Redwoods batting - Pitching for Spokane Trappers : RHP José Navarro
Batting: RHB Jesús Cuevas 0-0: Foul Ball, location: 2F
0-1: Swinging Strike
0-2: Fly out, F6 (Popup, 6D)
Batting: RHB Bob Campbell 0-0: Called Strike
0-1: Foul Ball, location: 2F
0-2: Foul Ball, location: 2F
0-2: Strikes out swinging
Batting: RHB Philip Burke 0-0: Ball
1-0: Foul Ball, location: 2F
1-1: Ball
2-1: Foul Ball, location: 2F
2-2: Foul Ball, location: 2F
2-2: Ground out 2-3 (Groundball, 2L)
Bottom of the 8th over - 0 run(s), 0 hit(s), 0 error(s), 0 left on base; Spokane 4 - Redwood City 5
TOP OF THE 9TH
Spokane Trappers batting - Pitching for Redwood City Redwoods : RHP Jim Williams
Pitching: RHP Manny Maldonado
Now at 1B: Carlos Gonzáles
Pinch Hitting: LHB Colin Ives 0-0: SINGLE (Groundball, 3D)
Batting: RHB Tomás Carranza 0-0: Foul Ball, location: 2F
0-1: Foul Ball, location: 2F
0-2: Foul Ball, location: 2F
0-2: SINGLE (Groundball, 4MD)
Colin Ives to second
Throwing error, E8
Colin Ives scores
Tomás Carranza to second
Batting: RHB Keith Kirkpatrick 0-0: Swinging Strike
0-1: Foul Ball, location: 2F
0-2: Strikes out swinging
Batting: RHB José Gómez 0-0: Ball
Tomás Carranza steals 3rd base
1-0: Called Strike
1-1: Ground out 4-3 (Groundball, 4)
Batting: RHB Ramiro Ross 0-0: Swinging Strike
0-1: Swinging Strike
0-2: Strikes out swinging
Top of the 9th over - 1 run(s), 2 hit(s), 1 error(s), 1 left on base; Spokane 5 - Redwood City 5
BOTTOM OF THE 9TH
Redwood City Redwoods batting - Pitching for Spokane Trappers : RHP José Navarro
Pitching: RHP Jesse Moser
Now in LF: Colin Ives
Batting: LHB Germán Charfauros 0-0: Swinging Strike
0-1: Ball
1-1: Foul Ball, location: 2F
1-2: Ball
2-2: Ground out 4-3 (Groundball, 4)
Pinch Hitting: RHB Anastasio García 0-0: Called Strike
0-1: Ball
1-1: Ball
2-1: Ball
3-1: Called Strike
3-2: Strikes out swinging
Batting: RHB Xavier Feliciano 0-0: Ball
1-0: Called Strike
1-1: Fly out, F7 (Line Drive, 7S)
Bottom of the 9th over - 0 run(s), 0 hit(s), 0 error(s), 0 left on base; Spokane 5 - Redwood City 5
TOP OF THE 10TH
Spokane Trappers batting - Pitching for Redwood City Redwoods : RHP Manny Maldonado
Now at 1B: Juan Hernández
Batting: LHB Héctor Rentería 0-0: Ball
1-0: Called Strike
1-1: Ball
2-1: Ball
3-1: Foul Ball, location: 2F
3-2: Base on Balls
Pinch Hitting: LHB Melvin White 0-0: Ball
Héctor Rentería steals 2nd base
1-0: 2-RUN HOME RUN (Flyball, 8LXD), Distance : 411 ft
Pitching: RHP Ron Williams
Batting: SHB Nick Cox 0-0: Swinging Strike
0-1: Swinging Strike
0-2: Strikes out swinging
Batting: RHB Pedro Rodríguez 0-0: Ball
1-0: Fly out, F8 (Flyball, 8RXD)
Batting: LHB Colin Ives 0-0: Ground out U3 (Groundball, 3S)
Top of the 10th over - 2 run(s), 1 hit(s), 0 error(s), 0 left on base; Spokane 7 - Redwood City 5
BOTTOM OF THE 10TH
Redwood City Redwoods batting - Pitching for Spokane Trappers : RHP Jesse Moser
Now at 2B: Jaime Padilla
Batting: LHB Jeff Tucker 0-0: Called Strike
0-1: Called Strike
0-2: Fly out, F7 (Line Drive, 7M)
Batting: LHB Paul Alexander 0-0: Swinging Strike
0-1: Called Strike
0-2: Strikes out swinging
Batting: RHB Júlio Trinidad 0-0: Ball
1-0: Ground out 6-3 (Groundball, 6)
Bottom of the 10th over - 0 run(s), 0 hit(s), 0 error(s), 0 left on base; Spokane 7 - Redwood City 5
Monday, December 5th, 2016 - OOTP Baseball 17.12 Build 75